AoeStats
← vgutierrez

Arabia

508356691Analyzed
1v1 RM · 11d ago on Sep 22, 2026· 42m 31s· 2 players
Game mode
Random Map
Map size
Tiny (2 player)
Population
200
Speed
Normal
Resources
Standard
Victory
Conquest
Starting age
Dark Age
Ending age
Imperial Age
RankedLock teamsTeams togetherTeam positionsShared explorationLock speedFull tech treeHidden civsTurbo modeCheats
Victory
Defeat
🇨🇦 Franks · Canada
725
+13
🇺🇾 Britons · Uruguay
659
-13
vgutierrez
10:54 Feudal Age
13:30 Double-Bit Axe
16:11 Castle Age
13:59 Horse Collar
16:50 Wheelbarrow
16:54 Gold Mining
18:36 Bow Saw
20:08 Heavy Plow
20:57 Pikeman
22:01 Stone Mining
31:47 Imperial Age
31:05 Hand Cart
31:59 Padded Archer Armor
32:10 Forging
100 boost vacuum
7:23 Loom
10:34 Feudal Age
12:52 Double-Bit Axe
17:37 Castle Age
20:31 Bow Saw
25:38 Fletching
26:55 Gold Mining
26:56 Stone Mining
27:41 Bodkin Arrow
31:10 Wheelbarrow
31:25 #83
37:28 Imperial Age
36:46 Forging
36:42 Scale Barding Armor
36:39 Scale Mail Armor
41:31 Imperial Age
41:38 Imperial Age
41:01 Iron Casting
40:43 Chain Mail Armor
40:41 Husbandry
40:03 Light Cavalry
42:07 Hand Cart
42:20 Onager
Connection lost

Rejoining the realm…

Still unreachable

The connection could not be restored.

Session expired

The server has moved on; the page needs a fresh start.